 Seeded DCSS version 0.29-a0-231-g945431f (webtiles) character file.

Game seed: 1618052944259872971 (custom seed)

31652 brinewave the Covert (level 13, -7/107 HPs)
             Began as a Formicid Abyssal Knight on Feb 27, 2022.
             Was a High Priest of Lugonu.
             Mangled by a large abomination (12 damage)
             ... on level 1 of the Abyss on Feb 28, 2022.
             The game lasted 01:35:57 (25149 turns).

brinewave the Covert (Formicid Abyssal Knight)     Turns: 25149, Time: 01:35:58

Health: -7/107     AC: 23    Str: 23    XL:     13   Next: 98%
Magic:  14/22      EV: 12    Int: 10    God:    Lugonu [*****.]
Gold:   657        SH:  0    Dex: 11    Spells: 12/12 levels left

rFire   . . .      SeeInvis +   B - +2 falchion (flame)
rCold   . . .      Faith    .   (no shield)
rNeg    . . .      Spirit   .   k - +2 chain mail {rPois}
rPois   +          Reflect  .   (helmet unavailable)
rElec   .          Harm     .   w - +1 cloak
rCorr   .          Rampage  .   x - +1 pair of gloves
Will    +....                   u - +0 pair of boots
Stlth   ++........              c - amulet of the acrobat
HPRegen 0.27/turn               A - +4 ring of protection
MPRegen 0.18/turn               s - +4 ring of evasion

@: mighty
A: permanent stasis, dig shafts and tunnels, antennae 3, four strong arms
a: Dig, Shaft Self, Renounce Religion, Depart the Abyss, Bend Space, Banish,
Corrupt, Enter the Abyss


You were on level 1 of the Abyss.
You worshipped Lugonu.
Lugonu was extremely pleased with you.
You visited 2 branches of the dungeon, and saw 18 of its levels.
You visited the Abyss 2 times.
You also visited: Ossuary.

You collected 895 gold pieces.
You spent 238 gold pieces at shops.

Inventory:

Hand Weapons
 i - a +2 spectral quarterstaff
 m - a +0 hunting sling
 z - a +0 hand crossbow
 B - a +2 falchion of flaming (weapon)
 O - the +9 long sword of Integrity {vorpal, Will+}
   (You bought it in a shop on level 7 of the Dungeon)

   It inflicts extra damage upon your enemies.
   Will:      It increases your willpower.
 Q - a +3 long sword
Missiles
 d - 254 stones
 l - 17 poisoned darts (quivered)
 r - a throwing net
 v - 29 boomerangs
Armour
 h - the +2 leather armour of a bazaar {Int+3 Stlth+}
   (You found it on level 5 of the Dungeon)

   Int:       It affects your intelligence (+3).
   Stlth:     It makes you more stealthy.
 k - a +2 chain mail of poison resistance (worn)
 u - a +0 pair of boots (worn)
 w - a +1 cloak (worn)
 x - a +1 pair of gloves (worn)
Jewellery
 c - an amulet of the acrobat (around neck)
 s - a +4 ring of evasion (right hand)
 A - a +4 ring of protection (left hand)
 P - an amulet of guardian spirit
Wands
 b - a wand of iceblast (14)
 f - a wand of digging (3)
 y - a wand of mindburst (19)
 I - a wand of paralysis (22)
 K - a wand of flame (70)
 R - a wand of acid (4)
 S - a wand of polymorph (5)
Scrolls
 e - 4 scrolls of fear
 n - 3 scrolls of summoning
 o - 2 scrolls of holy word
 q - a scroll of vulnerability {unknown}
 t - 3 scrolls of amnesia
 E - 2 scrolls of immolation
 G - 6 scrolls of fog
 J - a scroll of torment
 N - a scroll of magic mapping
 T - a scroll of silence
Potions
 p - 2 potions of brilliance
 C - 5 potions of curing
 D - a potion of ambrosia
 F - 2 potions of cancellation
 L - a potion of flight
Miscellaneous
 a - a phantom mirror
 H - a box of beasts


   Skills:
 + Level 11.6 Fighting
 + Level 10.3 Long Blades
 + Level 8.5 Slings
 + Level 9.4 Armour
 - Level 0.8 Dodging
 + Level 12.7 Stealth
 + Level 12.2 Invocations


You had 12 spell levels left.
You didn't know any spells.
Your spell library contained the following spells:

 Spells                   Type           Power      Damage    Failure   Level
 Beastly Appendage        Tmut           0%         N/A       91%         1
 Sting                    Tmut/Pois      0%         1d3       91%         1
 Summon Small Mammal      Summ           0%         N/A       91%         1
 Poisonous Vapours        Pois/Air       0%         N/A       97%         2
 Sublimation of Blood     Necr           0%         N/A       97%         2
 Wereblood                Tmut           0%         N/A       97%         2
 Call Canine Familiar     Summ           0%         N/A       100%        3
 Ozocubu's Armour         Ice            0%         N/A       100%        3
 Spider Form              Tmut/Pois      0%         N/A       100%        3
 Summon Guardian Golem    Hex/Summ       0%         N/A       100%        3
 Hailstorm                Conj/Ice       0%         3d3       100%        4
 Ice Form                 Ice/Tmut       0%         N/A       100%        4
 Olgreb's Toxic Radiance  Pois           0%         N/A       100%        4
 Simulacrum               Ice/Necr       0%         N/A       100%        6
 Ozocubu's Refrigeration  Ice            0%         4d5       100%        7
 Summon Hydra             Summ           0%         N/A       100%        7


Dungeon Overview and Level Annotations

Branches:
Dungeon (12/15)            Temple (0/1) D:7            Lair (6/6) D:11
 Shoals (0/4) Lair:2       Spider (0/4) Lair:2          Orc (0/2) D:11
Ossuary (visited)
  Slime: Lair:5-6

Altars:
Sif Muna

Shops:
D:7 (

Annotations:
Lair:4 Josephine


Innate Abilities, Weirdness & Mutations

You cannot be hasted, slowed, berserked, paralysed or teleported.
You can dig through walls and to a lower floor.
You have a pair of large antennae on your head. (SInv)
Your four strong arms can wield two-handed weapons with a shield.


Message History

The dream sheep is heavily wounded.
The dream sheep closely misses you.
You slash the dream sheep! You burn the dream sheep.
The dream sheep is almost dead.
You closely miss the dream sheep.
The dream sheep is almost dead.
The dream sheep bites you!
* * * LOW HITPOINT WARNING * * *
Unknown command.
As you read the scroll of fear, it crumbles to dust.
You assume a fearsome visage.
The dream sheep looks frightened!
The dream sheep bleats in terror.
The dream sheep looks frightened!
The dream sheep panics and turns to flee.
The dream sheep looks frightened!
The dream sheep panics and turns to flee.
The yak looks frightened! x2
This branch contains the abyssal rune of Zot.
Beware, you cannot shaft yourself on this level.
Lugonu is no longer ready to corrupt your weapon.
You start resting.
A large abomination assembles itself!
A large abomination is nearby!
Aiming: Paralyse
Press: ? - help, Shift-Dir - straight line, f - large abomination
Aim: a large abomination (chance to affect: 1%)
The large abomination resists with almost no effort.
Okay, then.
Okay, then.
Okay, then.
Aiming: Corrosive Bolt
Press: ? - help, Shift-Dir - straight line, f/p - large abomination
Aim: a large abomination (83% to hit)
The bolt of acid hits the large abomination.
The acid corrodes the large abomination!
The large abomination is lightly damaged.
You slash the large abomination! You burn the large abomination.
The large abomination is heavily damaged.
The large abomination hits you!
You die...

### #@#
#.....X##
.......
.#.....
#.....
.......
.......
.......


You could see a large abomination (corroded).

Vanquished Creatures
  Gastronok (Lair:1)
  6 hydras
  A catoblepas (Lair:3)
  3 two-headed ogres
  A lindwurm (Lair:1)
  A cyclops (D:11)
  A manticore (Lair:1)
  3 elephants (Lair:4)
  A black mamba (Lair:2)
  14 cane toads
  A rime drake (Lair:3)
  8 komodo dragons
  A troll (D:11)
  A wind drake (Lair:1)
  2 polar bears
  4 blink frogs (Lair:2)
  A dream sheep (Lair:5)
  Eustachio (D:5)
  4 wyverns
  A wraith (Lair:3)
  30 yaks
  2 vampire mosquitoes (D:11)
  2 basilisks
  Edmund (D:6)
  2 acid dragons
  20 water moccasins
  4 orc warriors
  An ice beast (D:6)
  A sky beast (D:7)
  2 black bears (D:11)
  10 wolves
  A centaur (D:12)
  2 ogres
  3 kobold brigands
  Blork the orc (D:6)
  10 scorpions
  2 gnoll sergeants
  12 bullfrogs
  7 water moccasin zombies (Ossuary)
  7 wights
  8 killer bees
  4 howler monkeys
  4 hounds
  3 orc priests
  2 gnoll shamans
  2 jellies
  2 iguanas
  5 orc wizards
  Terence (D:2)
  2 mummies (Ossuary)
  13 gnolls
  7 adders
  A white imp (D:7)
  An ufetubus (D:5)
  4 adder zombies (Ossuary)
  2 worms (D:3)
  6 dart slugs
  31 orcs
  8 endoplasms
  2 giant cockroaches (Lair:2)
  4 gnoll zombies (Ossuary)
  8 goblins
  5 hobgoblins
  4 jackals (D:1)
  A quokka (D:1)
  10 ball pythons
  4 bats
  5 frilled lizards
  4 hobgoblin zombies (Ossuary)
  20 kobolds
  4 kobold zombies (Ossuary)
  An orc zombie (Ossuary)
  6 rats
360 creatures vanquished.

Vanquished Creatures (others)
  An orc wizard (D:4)
  63 fungi
  72 plants
136 creatures vanquished.

Grand Total: 496 creatures vanquished

Notes
Turn   | Place    | Note
-------+----------+-------------------------------------------
     0 | Abyss:1  | brinewave the Formicid Abyssal Knight began the quest for
                  | the Orb.
     0 | Abyss:1  | Reached XP level 1. HP: 18/18 MP: 2/2
     0 | D:1      | Escaped the Abyss
   458 | D:1      | Reached * piety under Lugonu
   561 | D:1      | Reached XP level 2. HP: 21/24 MP: 3/3
  1066 | D:1      | Reached XP level 3. HP: 29/29 MP: 5/5
  1153 | D:1      | You fall into a shaft and drop 1 floor!
  1292 | D:2      | Noticed Terence
  1316 | D:2      | Killed Terence
  1317 | D:2      | Reached XP level 4. HP: 36/37 MP: 6/6
  2395 | D:3      | Found a faded altar of an unknown god.
  2606 | D:3      | Reached ** piety under Lugonu
  2829 | D:3      | Reached XP level 5. HP: 39/42 MP: 7/7
  3052 | D:3      | Reached skill level 1 in Stealth
  3726 | D:3      | Noticed an ogre
  4005 | D:4      | Reached skill level 1 in Slings
  4081 | D:4      | Reached XP level 6. HP: 27/48 MP: 8/8
  5252 | D:5      | Entered Level 5 of the Dungeon
  5574 | D:5      | Noticed Eustachio
  5597 | D:5      | Killed Eustachio
  5598 | D:5      | Reached skill level 5 in Fighting
  5598 | D:5      | Reached XP level 7. HP: 48/56 MP: 10/10
  5617 | D:5      | Found a sand-covered staircase.
  5622 | Ossuary  | Entered an ossuary
  5729 | Ossuary  | Reached *** piety under Lugonu
  5787 | Ossuary  | Reached skill level 5 in Invocations
  5976 | Ossuary  | Reached XP level 8. HP: 52/63 MP: 10/12
  6688 | D:5      | Reached skill level 5 in Stealth
  6729 | D:5      | Identified the +2 leather armour of a bazaar {Int+3 Stlth+}
  7078 | D:5      | Reached skill level 5 in Long Blades
  7983 | D:6      | Reached XP level 9. HP: 60/71 MP: 13/13
  8036 | D:6      | Noticed Edmund
  8044 | D:6      | Killed Edmund
  8389 | D:6      | Reached **** piety under Lugonu
  8436 | D:6      | Noticed Blork the orc
  8443 | D:6      | Killed Blork the orc
  8978 | D:7      | Found a staircase to the Ecumenical Temple.
  9168 | D:7      | Noticed a two-headed ogre
 10539 | D:7      | Found Uxzaohez's Antique Weapon Shoppe.
 10548 | D:7      | Bought an ebony long sword for 238 gold pieces
 10548 | D:7      | Identified the +9 long sword of Integrity {vorpal, Will+}
                  | (You bought it in a shop on level 7 of the Dungeon)
 11119 | D:8      | Found a shimmering blue altar of Sif Muna.
 11933 | D:9      | Reached XP level 10. HP: 76/80 MP: 16/16
 12643 | D:9      | Noticed a two-headed ogre
 13272 | D:10     | Entered Level 10 of the Dungeon
 13388 | D:10     | Noticed a two-headed ogre
 13396 | D:10     | Killed a two-headed ogre
 13712 | D:10     | Reached skill level 5 in Armour
 13727 | D:10     | Reached ***** piety under Lugonu
 14420 | D:11     | Noticed a two-headed ogre
 14528 | D:11     | Noticed a cyclops
 14538 | D:11     | Killed a cyclops
 14539 | D:11     | Reached XP level 11. HP: 87/87 MP: 17/17
 14568 | D:11     | Noticed a white ugly thing
 14584 | D:11     | Banished a white ugly thing
 14926 | D:11     | Found a staircase to the Orcish Mines.
 15294 | D:11     | Killed a two-headed ogre
 15332 | D:11     | Found a staircase to the Lair.
 15382 | D:11     | Noticed an eight-headed hydra
 15394 | D:11     | Killed a 16-headed hydra
 15509 | D:11     | Noticed a two-headed ogre
 15529 | D:11     | Reached skill level 10 in Stealth
 15533 | D:11     | Killed a two-headed ogre
 15987 | D:12     | Reached skill level 10 in Invocations
 16059 | D:12     | Noticed a cyclops
 16061 | D:12     | Noticed a cyclops
 16168 | Lair:1   | Entered Level 1 of the Lair of Beasts
 16259 | Lair:1   | Reached skill level 5 in Slings
 16723 | Lair:1   | Noticed Gastronok
 16799 | Lair:1   | Killed Gastronok
 16800 | Lair:1   | Reached skill level 10 in Fighting
 16800 | Lair:1   | Reached XP level 12. HP: 44/97 MP: 19/19
 17366 | Lair:1   | Noticed an eight-headed hydra
 17386 | Lair:1   | Killed an eight-headed hydra
 19020 | Lair:2   | Noticed a four-headed hydra
 19039 | Lair:2   | Killed a one-headed hydra
 19277 | Lair:2   | Found a hole to the Spider Nest.
 19581 | Lair:2   | Found a staircase to the Shoals.
 20502 | Lair:2   | Reached XP level 13. HP: 104/104 MP: 21/21
 22466 | Lair:3   | Noticed a six-headed hydra
 22482 | Lair:3   | Killed a one-headed hydra
 22483 | Lair:3   | Reached skill level 10 in Long Blades
 22879 | Lair:3   | Noticed a catoblepas
 22898 | Lair:3   | Killed a catoblepas
 23019 | Lair:3   | Noticed an eight-headed hydra
 23044 | Lair:3   | Killed a one-headed hydra
 23943 | Lair:4   | Noticed Josephine
 24692 | Lair:4   | You fall into a shaft and drop 2 floors!
 24692 | Lair:6   | Entered Level 6 of the Lair of Beasts
 24697 | Lair:6   | Noticed a five-headed hydra
 24748 | Lair:6   | Killed a one-headed hydra
 25095 | Lair:5   | Reached ****** piety under Lugonu
 25135 | Lair:5   | HP: 2/107 [dream sheep (8)]
 25149 | Abyss:1  | Mangled by a large abomination

Illustrated notes

Levels and vault maps discovered:
D:1:      giann_horns, layout_loops_corners, hangedman_decor_riveting
D:2:      layout_rooms, grunt_ministairs_7, uniq_terence
D:3:      layout_basic, ebering_ecumenical_altar_box
D:4:      layout_rooms, palyth_stone_intersect, hangedman_decor_diamond_cutter,
          chequers_serial_rivers_micro_a, minmay_misc_feat_x
D:5:      layout_loops_ring, enter_ossuary_2, kennysheep_cluttered_room,
          mrwooster_statue_mirror, uniq_eustachio
D:6:      layout_loops_corners, st_stairs_8, uniq_blork_the_orc, uniq_edmund
D:7:      layout_layer_cave, minmay_temple_entry_gardened_gates, serial_shops,
          nicolae_lakefront_shop
D:8:      layout_basic, lemuel_crystal_altar
D:9:      layout_rooms
D:10:     layout_loops_corners
D:11:     layout_rooms, due_lair_maze_entry_diamond, david_orc_2,
          minmay_large_rounded_square
D:12:     minmay_the_grid_triangle_9x9_rhombus_full_mashed
          [minmay_the_grid_triangle_9x9_wacky_v,
          minmay_the_grid_triangle_9x9_skeleton,
          minmay_the_grid_triangle_9x9_sprig,
          minmay_the_grid_triangle_9x9_thin_v,
          minmay_the_grid_triangle_9x9_fully_insulated_deathbox,
          minmay_the_grid_triangle_9x9_checkered,
          minmay_the_grid_triangle_9x9_corruption,
          minmay_the_grid_triangle_9x9_prize_insulated], layout_basic
Lair:1:   layout_chaotic_city, nicolae_volcano_entry_vermiform, uniq_gastronok
Lair:2:   layout_cave_pods, minmay_shoals_entry_beasts,
          nicolae_spider_entry_non_spiders
Lair:3:   layout_hall_layers, grunt_megastairs_1
Lair:4:   layout_regular_city, grunt_megastairs_4, infiniplex_staircase_pool,
          uniq_josephine
Lair:5:   layout_roguey, infiniplex_staircase_pool_2
Lair:6:   evilmike_catoblepas_cave, layout_regular_city,
          dpeg_slime_entry_enclosed_altar, nicolae_quartered_pool_little,
          chequers_serial_rivers_micro_e, uniq_kirke
Abyss:1:  base: Temple, base: Temple, base:
D:9

Skill      XL: |  1  2  3  4  5  6  7  8  9 10 11 12 13 |
---------------+----------------------------------------+-----
Invocations    | 3 4 5 6 8 9 10 11 12 | 12.2
Armour         | 3 5 7 8 9 |  9.4
Fighting       | 4 5 6 7 8 10 11 | 11.6
Long Blades    | 3 4 5 6 7 8 9 10 | 10.3
Stealth        | 1 3 4 6 7 9 10 11 12 | 12.7
Slings         | 1 3 5 6 8 |  8.5
Dodging        | |  0.8

Action                   |  1- 3 |  4- 6 |  7- 9 | 10-12 | 13-15 || total
-------------------------+-------+-------+-------+-------+-------++-------
Melee: Falchion          |    21 |     8 |       |    10 |   237 ||   276
       Whip              |    47 |    33 |       |       |       ||    80
       Punch             |     1 |     1 |     6 |     8 |     6 ||    22
       Dagger            |       |   154 |   391 |   170 |       ||   715
       Long sword        |       |       |    77 |   463 |   224 ||   764
       Scimitar          |       |       |     8 |       |       ||     8
Throw: Dart              |    14 |    27 |    15 |    27 |    62 ||   145
       Stone             |    11 |    16 |       |       |       ||    27
       Throwing net      |       |       |       |     1 |       ||     1
Invok: Depart the Abyss  |     1 |       |       |       |       ||     1
       Banish            |       |       |       |     2 |       ||     2
       Bend Space        |       |       |       |     1 |       ||     1
       Enter the Abyss   |       |       |       |       |     1 ||     1
Evoke: Wand              |       |       |     4 |    30 |     7 ||    41
       Phantom mirror    |       |       |       |     1 |       ||     1
  Use: Scroll            |       |     7 |     7 |     9 |     6 ||    29
       Potion            |       |       |       |     3 |     6 ||     9
 Stab: Paralysed         |       |       |     3 |    19 |       ||    22
       Sleeping          |       |       |       |       |     1 ||     1
Armor: Leather armour    |    14 |       |       |       |       ||    14
       Scale mail        |       |    63 |       |       |       ||    63
       Chain mail        |       |    17 |   190 |   303 |   192 ||   702
Dodge: Dodged            |    37 |    57 |   172 |   384 |   282 ||   932

Table legend: (Time is in decaauts)
 A = Elapsed time spent in this place.
 B = Non-inter-level travel time spent in this place.
 C = Inter-level travel time spent in this place.
 D = Time resting spent in this place.
 E = Time spent auto-exploring this place.
 F = Levels seen in this place.
 G = Mean time per level.
                   A        B        C        D        E       F      G
               +--------+--------+--------+--------+--------+-----+--------+
         Total |  24972 |  24413 |    559 |   8208 |   9905 |  21 | 1189.1 |
       Dungeon |  15691 |  15222 |    469 |   4114 |   7096 |  12 | 1307.6 |
          Lair |   8263 |   8174 |     89 |   3583 |   2749 |   6 | 1377.2 |
         Abyss |     11 |     11 |      0 |      5 |      0 |   2 |    5.5 |
       Ossuary |   1006 |   1006 |      0 |    506 |     60 |   1 | 1006.0 |
               +--------+--------+--------+--------+--------+-----+--------+

Top non-repeatable levels by time:
  Lair:1: 2912 daAuts
  Lair:3: 2554 daAuts
  Lair:2: 2051 daAuts
    D:11: 1712 daAuts
     D:8: 1607 daAuts
     D:7: 1560 daAuts
    D:10: 1548 daAuts
     D:5: 1455 daAuts
     D:1: 1439 daAuts
     D:3: 1396 daAuts
     D:4: 1272 daAuts
     D:6: 1270 daAuts
     D:2: 1149 daAuts
     D:9: 1073 daAuts
 Ossuary: 1006 daAuts
